 Dungeon Crawl Stone Soup version 0.21-a0-426-g98080a9 (webtiles) character file.

2958 mastercheaf21 the Basher (level 9, -4/117 HPs)
             Began as a Minotaur Berserker on Nov 6, 2017.
             Was an Elder of Trog.
             Slain by a two-headed ogre
             ... wielding a +0 giant club
              (27 damage)
             ... on level 8 of the Dungeon.
             The game lasted 00:34:54 (6844 turns).

mastercheaf21 the Basher (Minotaur Berserker)       Turns: 6844, Time: 00:34:55

Health: -4/117     AC:  9    Str: 28    XL:     9   Next: 52%
Magic:  8/8        EV:  7    Int:  4    God:    Trog [****..]
Gold:   410        SH: 18    Dex: 12    Spells: 8/8 levels left

rFire    . . .     SeeInvis .   x - +0 flail
rCold    . . .     Gourm    .   g - +0 large shield
rNeg     . . .     Faith    .   L - +0 chain mail
rPois    .         Spirit   .   p - +1 hat
rElec    .         Reflect  .   (no cloak)
rCorr    .         Harm     .   (no gloves)
MR       .....                  (no boots)
Stlth    ..........             B - amulet of regeneration
HPRegen  0.69/turn              l - ring of flight
MPRegen  0.11/turn              I - ring of loudness (curse)

@: berserking (expiring), very quick
A: retaliatory headbutt, horns 2, sturdy frame 1
a: Berserk, Trog's Hand, Brothers in Arms, Burn Spellbooks, Renounce Religion,
Evoke Flight


You were on level 8 of the Dungeon.
You worshipped Trog.
Trog was greatly pleased with you.
You were near starving.

You visited 1 branch of the dungeon, and saw 8 of its levels.

You collected 410 gold pieces.

Inventory:

Hand Weapons
 a - a +0 blowgun
 s - a +2 trident of venom
 v - a +3 mace
 x - a +0 flail (weapon)
 y - a +0 morningstar
 A - a +0 dire flail
 F - a +4 dire flail of holy wrath
 J - a +1 scythe
 M - a +0 glaive
 S - a cursed +0 fustibalus
Missiles
 b - 21 poisoned needles
 k - 3 javelins
 w - 8 poisoned tomahawks (quivered)
 T - 6 steel javelins
Armour
 g - a +0 large shield (worn)
 o - a +0 chain mail
 p - a +1 hat (worn)
 L - a +0 chain mail (worn)
 P - a +1 scale mail
 Q - a +0 chain mail
Magical Staves
 H - an uncursed staff of death {unknown}
Jewellery
 l - a ring of flight (left hand)
 B - an amulet of regeneration (around neck)
 I - a cursed ring of loudness (right hand)
 N - an uncursed amulet of guardian spirit {unknown}
 U - an uncursed amulet of faith {unknown}
Wands
 m - a wand of lightning (7/15)
 D - a wand of flame (48/48)
 K - a wand of polymorph (9/24)
Scrolls
 d - 5 scrolls of identify
 f - a scroll of magic mapping
 j - a scroll of recharging
 q - 3 scrolls of teleportation
 r - a scroll of blinking
 t - a scroll of remove curse
 u - a scroll of enchant armour
 z - 2 scrolls of noise {unknown}
Potions
 e - a potion of brilliance
 h - 4 potions of lignification
 n - 3 potions of curing
 C - 2 potions of heal wounds
 O - a potion of agility
 R - 2 potions of mutation {unknown}
 V - a potion of haste
Comestibles
 c - 9 bread rations
 i - 5 royal jellies
 E - 6 fruits
 G - 2 meat rations


   Skills:
 + Level 6.5 Fighting
 * Level 12.3 Maces & Flails
 - Level 2.5 Armour
 - Level 2.2 Dodging
 + Level 8.4 Shields


You had 8 spell levels left.
You didn't know any spells.

Dungeon Overview and Level Annotations

Branches:
Dungeon (8/15)             Temple (0/1) D:4
   Lair: D:8-11

Altars:
Cheibriados
Dithmenos
Hepliaklqana
Kikubaaqudgha
Makhleb
Nemelex Xobeh
Trog
Wu Jian


Innate Abilities, Weirdness & Mutations

You reflexively headbutt those who attack you in melee.
You have a pair of horns on your head.
Your movements are slightly less encumbered by armour. (ER -2)


Message History

You headbutt the two-headed ogre! You block the two-headed ogre's attack.
You closely miss the orc priest. You hit the two-headed ogre.
Your headbutt misses the two-headed ogre.
The two-headed ogre is severely wounded.
The orc priest hits you but does no damage.
You block the two-headed ogre's attack.
The two-headed ogre hits you with a giant club!
* * * LOW HITPOINT WARNING * * *
You are too berserk!
Your shield and chain mail prevent you from hitting the orc priest.
Your headbutt misses the orc priest. You barely miss the orc priest.
Your headbutt misses the orc priest. You block the orc priest's attack.
You bludgeon the orc priest!!
You kill the orc priest!
The orc priest's corpse dissolves into shadows!
You hear a shout!
The two-headed ogre hits you with a giant club!!
You die...

###.# #...### ........
........# # .........
.## .......... ..'.
.....(.§#.# K..##
.......#§§§#######.o...#
.....§#.#§#§#§)O@oO5o...
.....§§§.§§§§)#.###s#<..
.....§#.#§#§###.#
...#+###.§§## ..# .#.#.#
##.## .### .#.#.###..#
#. .#.#.##O..# #
.#...##...# <...>.'...+


You could see a two-headed ogre, an ogre, a scorpion, 2 orc priests, a shadow
imp, an orc and a kobold.

Vanquished Creatures
  The ghost of arkorax the Insei, a novice GnTm of Cheibriados (D:6)
  Edmund (D:5)
  A black bear (D:8)
  An ice beast (D:8)
  A sky beast (D:5)
  An orc warrior (D:7)
  A necrophage (D:6)
  3 centaurs
  A crocodile (D:7)
  A big kobold (D:8)
  3 bullfrogs
  A wyvern skeleton (D:7)
  3 killer bees (D:7)
  4 scorpions
  5 wights (D:7)
  2 howler monkeys
  2 jellies (D:6)
  3 orc priests
  3 orc wizards
  An iguana (D:4)
  4 worker ants
  2 hound zombies (D:6)
  2 hound skeletons
  A worker ant zombie (D:8)
  8 adders
  3 shadow imps
  An adder skeleton (D:4)
  2 dart slugs
  3 worms (D:2)
  15 orcs
  4 bats
  3 giant cockroaches
  9 goblins
  7 hobgoblins
  16 jackals
  2 quokkas (D:6)
  2 ball pythons
  4 frilled lizards
  A jackal skeleton (D:4)
  9 kobolds
  A leopard gecko zombie (D:7)
  14 rats
152 creatures vanquished.

Notes
Turn   | Place    | Note
-------+----------+-------------------------------------------
     0 | D:1      | mastercheaf21 the Minotaur Berserker began the quest for the Orb.
     0 | D:1      | Reached XP level 1. HP: 19/19 MP: 0/0
   436 | D:1      | Reached skill level 4 in Maces & Flails
   459 | D:1      | Reached XP level 2. HP: 21/27 MP: 1/1
   840 | D:2      | Reached XP level 3. HP: 22/33 MP: 2/2
   845 | D:2      | Reached skill level 5 in Maces & Flails
   865 | D:2      | Reached ** piety under Trog
  1200 | D:2      | Reached XP level 4. HP: 37/40 MP: 3/3
  1299 | D:2      | Reached skill level 1 in Shields
  1368 | D:2      | Noticed a centaur
  1384 | D:2      | Killed a centaur
  1384 | D:2      | Reached skill level 6 in Maces & Flails
  1384 | D:2      | Reached XP level 5. HP: 8/47 MP: 4/4
  3281 | D:4      | Reached skill level 7 in Maces & Flails
  3281 | D:4      | Reached XP level 6. HP: 46/53 MP: 5/5
  3359 | D:4      | Found a staircase to the Ecumenical Temple.
  3423 | D:4      | HP: 2/53 [poisoned by a scorpion]
  3431 | D:4      | HP: 2/53 [poisoned by a scorpion]
  3446 | D:4      | HP: 1/53 [frilled lizard (2)]
  3888 | D:4      | Reached *** piety under Trog
  4127 | D:5      | Entered Level 5 of the Dungeon
  4182 | D:5      | Noticed Edmund
  4192 | D:5      | Killed Edmund
  4192 | D:5      | Reached skill level 5 in Fighting
  4192 | D:5      | Reached skill level 8 in Maces & Flails
  4192 | D:5      | Reached XP level 7. HP: 37/61 MP: 6/6
  4202 | D:5      | Found a sand-covered staircase.
  4639 | D:5      | Gained mutation: Your movements are slightly less encumbered by armour. (ER -2) [mutagenic meat]
  4990 | D:6      | Found a sparkling altar of Nemelex Xobeh.
  5000 | D:6      | Reached skill level 5 in Shields
  5053 | D:6      | Found a hazy altar of Hepliaklqana.
  5134 | D:6      | Reached skill level 9 in Maces & Flails
  5176 | D:6      | Reached XP level 8. HP: 68/68 MP: 7/7
  5223 | D:6      | Found a burning altar of Makhleb.
  5284 | D:6      | Found a snail-covered altar of Cheibriados.
  5373 | D:6      | Noticed arkorax's ghost (novice GnTm)
  5404 | D:6      | Killed arkorax's ghost
  5404 | D:6      | Reached skill level 10 in Maces & Flails
  5482 | D:6      | Found an ornate altar of the Wu Jian Council.
  5887 | D:7      | Reached skill level 11 in Maces & Flails
  6043 | D:7      | Found an ancient bone altar of Kikubaaqudgha.
  6049 | D:7      | Reached XP level 9. HP: 70/75 MP: 8/8
  6155 | D:7      | Reached **** piety under Trog
  6708 | D:8      | Found a bloodstained altar of Trog.
  6730 | D:8      | Reached skill level 12 in Maces & Flails
  6796 | D:8      | Found a shadowy altar of Dithmenos.
  6822 | D:8      | Noticed a two-headed ogre
  6844 | D:8      | Slain by a two-headed ogre

Vault maps used:
D:1:      minmay_arrival_four_loops, corexii_corridor_pit,
          minmay_misc_feat_roman
D:2:      first_bread
D:4:      minmay_temple_entry_statues
D:5:      chequers_ossuary_entry_cave, uniq_edmund
D:6:      overflow_temple_1_default, marbit_many_paths, lemuel_round_altar,
          basic_altar, makhleb_blood_cavern_becter
D:7:      kiku_gazebo_pond_becter
D:8:      grunt_dithmenos_smoke_and_mirrors, overflow_temple_1_default,
          lair_entry_dummy, elyvilon_altar_4, uniq_prince_ribbit1

Skill      XL: |  1  2  3  4  5  6  7  8  9 |
---------------+----------------------------+-----
Maces & Flails | 4 5 6 7 8 9 11 12 | 12.3
Fighting       | 4 5 6 |  6.5
Shields        | 1 2 4 5 7 8 |  8.4
Armour         | |  2.5
Dodging        | |  2.2

Action                   |  1- 3 |  4- 6 |  7- 9 || total
-------------------------+-------+-------+-------++-------
Melee: Mace              |    67 |    57 |       ||   124
       Headbutt          |     7 |    30 |    41 ||    78
       Flail             |       |    51 |   247 ||   298
       Morningstar       |       |    58 |       ||    58
Invok: Burn Spellbooks   |       |     1 |       ||     1
       Berserk           |       |       |     2 ||     2
  Use: Scroll            |       |       |    12 ||    12
       Potion            |       |       |     9 ||     9
  Eat: Chunk             |       |    10 |     4 ||    14
       Meat ration       |       |       |     1 ||     1
       Fruit             |       |       |     1 ||     1
Armor: Animal skin       |    12 |       |       ||    12
       Chain mail        |       |    83 |    80 ||   163
Dodge: Dodged            |    23 |    20 |    42 ||    85
Block: Large shield      |    37 |   157 |   215 ||   409

Table legend:
 A = Spawn XP
 B = Non-spawn XP
 C = Spawn XP percentage of total XP
 D = Spawn monster count
 E = Non-spawn monster count
 F = Spawn count percentage of total count
 G = Total turns spent on level
                    A         B        C        D         E        F      G
               +---------+---------+-------+---------+---------+-------+---------
         Total |       0 |    4227 |   0.0 |       0 |     152 |   0.0 |  6844
               +---------+---------+-------+---------+---------+-------+---------
           D:1 |       0 |      27 |   0.0 |       0 |      18 |   0.0 |   770
           D:2 |       0 |     245 |   0.0 |       0 |      34 |   0.0 |  1242
           D:3 |       0 |      80 |   0.0 |       0 |      17 |   0.0 |  1214
           D:4 |       0 |     287 |   0.0 |       0 |      15 |   0.0 |   901
           D:5 |       0 |     472 |   0.0 |       0 |      11 |   0.0 |   855
           D:6 |       0 |    1149 |   0.0 |       0 |      14 |   0.0 |   779
           D:7 |       0 |    1344 |   0.0 |       0 |      33 |   0.0 |   945
           D:8 |       0 |     623 |   0.0 |       0 |      10 |   0.0 |   138
               +---------+---------+-------+---------+---------+-------+---------
